 Dungeon Crawl Stone Soup version 0.28-a0-872-g80cf8599ee (webtiles) character file.

Game seed: 4315834514142041415

6401 wakim the Grappler (level 10, -9/104 HPs)
             Began as a Troll Hunter on Nov 19, 2021.
             Was a Believer of Qazlal.
             Mangled by an elephant (14 damage)
             ... on level 8 of the Dungeon on Nov 20, 2021.
             The game lasted 00:39:01 (8998 turns).

wakim the Grappler (Troll Hunter)                   Turns: 8998, Time: 00:39:02

Health: -9/104     AC:  9    Str: 22    XL:     10   Next: 66%
Magic:  12/12      EV:  9    Int:  7    God:    Qazlal [**....]
Gold:   485        SH:  7    Dex: 13    Spells: 9/9 levels left

rFire   + . .      SeeInvis .     - Unarmed
rCold   + . .      Faith    .   (no shield)
rNeg    . . .      Spirit   .   p - +0 swamp dragon scales
rPois   +          Reflect  +   (helmet restricted)
rElec   .          Harm     .   (no cloak)
rCorr   .          Rampage  .   (gloves unavailable)
Will    .....                   (boots unavailable)
Stlth   +.........              s - amulet of reflection
HPRegen 1.27/turn               D - ring of protection from cold
MPRegen 0.13/turn               o - ring of protection from fire

@: about to teleport
A: large, unfitting armour, claws 3, regeneration 1, shaggy fur 1, tough skin 1
a: Renounce Religion, Upheaval


You were on level 8 of the Dungeon.
You worshipped Qazlal.
Qazlal was pleased with you.
You visited 2 branches of the dungeon, and saw 10 of its levels.
You also visited: Sewer and Ossuary.

You collected 485 gold pieces.

Inventory:

Missiles
 b - 2 javelins
 c - 11 large rocks {=f}
 d - 11 poisoned darts (quivered)
 g - 2 boomerangs
 h - 6 throwing nets {=f!f}
Armour
 i - a +2 robe of fire resistance
 p - +0 swamp dragon scales (worn)
Jewellery
 e - a ring of flight
 f - a ring of resist corrosion
 j - a ring of poison resistance
 o - a ring of protection from fire (right claw)
 s - an amulet of reflection (around neck)
 C - a ring of positive energy
 D - a ring of protection from cold (left claw)
Wands
 t - a wand of digging (6)
 v - a wand of flame (3)
 w - a wand of acid (22)
 x - a wand of iceblast (6)
Scrolls
 a - 2 scrolls of enchant armour
 k - 2 scrolls of immolation {unknown}
 l - a scroll of amnesia {unknown}
 m - a scroll of fear {unknown}
 n - a scroll of holy word {unknown}
 y - 3 scrolls of fog {unknown}
 z - a scroll of acquirement {unknown}
 A - a scroll of vulnerability {unknown}
 E - a scroll of summoning {unknown}
 R - 3 scrolls of magic mapping {!r}
 T - 5 scrolls of teleportation
 Y - 2 scrolls of blinking {!r}
Potions
 q - a potion of haste
 u - 2 potions of cancellation {unknown}
 B - 2 potions of attraction {!q}
 F - 5 potions of curing
 G - 7 potions of flight
 J - a potion of heal wounds
 L - a potion of lignification {!q}


   Skills:
 * Level 8.1 Fighting
 - Level 3.6 Throwing
 - Level 1.5 Dodging
 - Level 0.3 Stealth
 * Level 9.4 Unarmed Combat
 + Level 4.4 Invocations
 * Level 5.8 Evocations


You had 9 spell levels left.
You didn't know any spells.
Your spell library contained the following spells:

 Spells                   Type           Power      Damage    Failure   Level
 Animate Skeleton         Necr           0%         N/A       58%         1
 Pain                     Necr           0%         1d4       58%         1
 Sandblast                Erth           0%         2d4       58%         1
 Passwall                 Tmut/Erth      0%         N/A       75%         2
 Call Canine Familiar     Summ           0%         N/A       92%         3
 Portal Projectile        Hex/Tloc       0%         N/A       92%         3
 Stone Arrow              Conj/Erth      0%         3d7       92%         3
 Vampiric Draining        Necr           0%         2d6       92%         3
 Leda's Liquefaction      Hex/Erth       0%         N/A       100%        4


Dungeon Overview and Level Annotations

Branches:
Dungeon (9/15)             Temple (1/1) D:6           Sewer (visited)
Ossuary (visited)
   Lair: D:8-11         Orc: D:9-12

Altars:
Ashenzari
Cheibriados
Dithmenos
Elyvilon
Fedhas
Gozag
Hepliaklqana
Kikubaaqudgha
Makhleb
Nemelex Xobeh
Okawaru
Qazlal
Ru
Sif Muna
Trog
Uskayaw
Vehumet
Wu Jian
Xom
Yredelemnul
Zin
The Shining One

Shops:
D:1 [

Annotations:
D:9 Erolcha


Innate Abilities, Weirdness & Mutations

You are too large for most types of armour.
You have claws for hands.
Your natural rate of healing is unusually fast.
You are covered in fur. (AC +1)
You have tough skin. (AC +1)


Message History

* * * LOW HITPOINT WARNING * * *
The elephant tramples you!
* * * LOW HITPOINT WARNING * * *
You hold your ground!
The elephant barely misses you.
You barely miss the orc warrior.
The orc warrior is moderately wounded.
The orc warrior hits you with a +0 flail.
* * * LOW HITPOINT WARNING * * *
The elephant closely misses you. The elephant trunk-slaps you.
* * * LOW HITPOINT WARNING * * *
You barely miss the orc warrior.
The orc warrior is moderately wounded.
You block the orc warrior's attack. The elephant closely misses you.
You block the elephant's attack.
Unknown command.
You barely miss the orc warrior.
The orc warrior is moderately wounded.
The orc warrior hits you with a +0 flail.
* * * LOW HITPOINT WARNING * * *
The elephant barely misses you. You block the elephant's attack.
You scratch the orc warrior but do no damage.
The orc warrior is moderately wounded.
The orc warrior barely misses you.
As you read the scroll of teleportation, it crumbles to dust.
You feel strangely unstable. The elephant closely misses you.
You block the elephant's attack.
The orc warrior hits you with a +0 flail!
* * * LOW HITPOINT WARNING * * *
You claw the orc warrior!
You claw the orc warrior, but do no damage.
The orc warrior is almost dead.
The elephant tramples you!
* * * LOW HITPOINT WARNING * * *
You hold your ground!
The elephant trunk-slaps you but does no damage.
You barely miss the orc warrior. You claw the orc warrior.
You kill the orc warrior!
Qazlal accepts your kill. The elephant tramples you!
You die...

#......#.............
####.#.#.............
#.#.#.............
#.#.#.............
#.#.....(.........
#.##..............
#.##.##...........
#Y##.#.......##.##
#@)...............
######...####.####
###########......#...
#..>...........###...
#=.............# #...
#..............# #...
######.........# #...
#.............######
#...............#


You could see an elephant.

Vanquished Creatures
  Erica (D:8)
  A death yak (D:9)
  Pikel (D:8)
  Maggie (D:7)
  9 yaks
  A wyvern (D:8)
  A basilisk (D:8)
  A steam dragon (D:6)
  An acid dragon (D:8)
  2 water moccasins
  2 orc warriors
  A sky beast (D:5)
  4 black bears
  3 ogres
  A necrophage (D:6)
  A centaur (D:6)
  A lemure (D:8)
  3 bullfrogs
  2 gnoll sergeants
  3 killer bees (D:8)
  4 wights (D:8)
  An electric eel (D:8)
  A bullfrog zombie (D:6)
  3 centaur zombies
  2 gnoll shamans (D:7)
  3 jellies
  A hound (D:5)
  An iguana (D:6)
  A merfolk siren (Sewer)
  3 orc wizards
  A merfolk avatar (Sewer)
  A killer bee zombie (D:8)
  6 mummies (Ossuary)
  11 adders
  17 gnolls
  A river rat (Sewer)
  A white imp (D:6)
  An ufetubus (D:4)
  An adder zombie (D:5)
  A worm (D:3)
  3 dart slugs
  10 orcs
  6 endoplasms
  3 giant cockroaches
  A gnoll zombie (Ossuary)
  6 hobgoblins
  5 kobolds
  2 quokkas (Sewer)
  12 ball pythons
  2 bats (D:2)
  4 frilled lizards
  6 goblins
  2 hobgoblin zombies (Ossuary)
  2 kobold zombies (Ossuary)
  2 orc zombies (Ossuary)
  26 rats
  A spectral goblin (D:1)
194 creatures vanquished.

Vanquished Creatures (others)
  40 plants
40 creatures vanquished.

Grand Total: 234 creatures vanquished

Notes
Turn   | Place    | Note
-------+----------+-------------------------------------------
     0 | D:1      | wakim the Troll Hunter began the quest for the Orb.
     0 | D:1      | Reached XP level 1. HP: 19/19 MP: 0/0
   115 | D:1      | Found a faded altar of an unknown god.
   208 | D:1      | Reached skill level 1 in Unarmed Combat
   214 | D:1      | Reached XP level 2. HP: 17/28 MP: 1/1
   583 | D:1      | Found Aluebb's Armour Shoppe.
  1252 | D:2      | Reached XP level 3. HP: 23/36 MP: 2/2
  1271 | D:2      | Reached skill level 2 in Unarmed Combat
  1919 | D:3      | Reached XP level 4. HP: 42/44 MP: 3/3
  2615 | D:4      | Found a shadowy altar of Dithmenos.
  2655 | D:4      | Reached skill level 3 in Unarmed Combat
  2700 | D:4      | Reached XP level 5. HP: 38/53 MP: 4/4
  2809 | D:4      | Found a glowing drain.
  2819 | Sewer    | Entered a sewer
  3051 | Sewer    | Reached skill level 4 in Unarmed Combat
  3518 | D:4      | Reached XP level 6. HP: 62/62 MP: 5/5
  3803 | D:5      | Entered Level 5 of the Dungeon
  4066 | D:5      | Noticed a sky beast
  4078 | D:5      | Killed a sky beast
  4194 | D:5      | Reached skill level 1 in Evocations
  4345 | D:5      | Reached XP level 7. HP: 67/71 MP: 6/6
  4680 | D:5      | Reached skill level 5 in Unarmed Combat
  4947 | D:6      | Found a staircase to the Ecumenical Temple.
  5032 | D:6      | Found a sand-covered staircase.
  5040 | Ossuary  | Entered an ossuary
  5069 | Ossuary  | Reached skill level 5 in Fighting
  5310 | Temple   | Entered the Ecumenical Temple
  5675 | Temple   | Upgraded the game from 0.28-a0-863-g8cecda6153 to
                  | 0.28-a0-872-g80cf8599ee
  5815 | Temple   | Became a worshipper of Qazlal Stormbringer
  6255 | D:6      | Reached skill level 6 in Unarmed Combat
  6255 | D:6      | Reached XP level 8. HP: 67/81 MP: 7/7
  6308 | D:6      | Reached skill level 1 in Invocations
  7157 | D:7      | Reached skill level 7 in Unarmed Combat
  7310 | D:7      | Noticed Maggie
  7333 | D:7      | Killed Maggie
  7334 | D:7      | Reached XP level 9. HP: 79/89 MP: 9/9
  7828 | D:8      | Reached * piety under Qazlal
  8060 | D:8      | Noticed Erica
  8309 | D:8      | Reached skill level 8 in Unarmed Combat
  8335 | D:8      | Noticed Pikel
  8369 | D:8      | Killed Pikel
  8485 | D:8      | Reached XP level 10. HP: 89/102 MP: 11/11
  8487 | D:8      | Reached skill level 5 in Evocations
  8811 | D:8      | Killed Erica
  8812 | D:8      | Reached skill level 9 in Unarmed Combat
  8954 | D:9      | Noticed Erolcha
  8954 | D:9      | Noticed a death yak
  8965 | D:9      | Noticed an elephant
  8973 | D:9      | Killed a death yak
  8988 | D:8      | Reached ** piety under Qazlal
  8997 | D:8      | HP: 4/104 [elephant (14)]
  8998 | D:8      | Mangled by an elephant

Illustrated notes

Levels and vault maps discovered:
D:1:      beargit_arrival_diablo_church, layout_basic,
          dreamdust_ecumenical_altar_drowned_temple, serial_shops,
          nicolae_shop_advertising_works [nicolae_subvault_shop_adworks]
D:2:      layout_basic
D:3:      layout_basic, minmay_hedge_maze
D:4:      layout_basic, nicolae_dithmenos_through_a_glass_darkly,
          portal_sewer_entry_d, minmay_misc_feat_nine_boxes
D:5:      layout_loops_corners, corner_web_ring
D:6:      minmay_general_purpose_star, layout_loops_corners, temple_pool_b,
          nicolae_ossuary_entry_plus, kennysheep_path_1, item_on_display_b
D:7:      layout_gridville, uniq_maggie
D:8:      layout_basic, grunt_ministairs_6, serial_bayou_lagoon_a,
          chequers_serial_rivers_marsh, uniq_erica, uniq_pikel
D:9:      layout_loops_ring, david_lair_generic, uniq_erolcha, uniq_grum,
          uniq_joseph
Temple:   mainiacjoe_temple_starburst

Skill      XL: |  1  2  3  4  5  6  7  8  9 10 |
---------------+-------------------------------+-----
Unarmed Combat | 1 2 3 4 6 7 8 9 |  9.4
Fighting       | 2 3 4 5 6 7 8 |  8.1
Evocations     | 1 2 3 4 5 |  5.8
Invocations    | 2 3 4 |  4.4
Throwing       | |  3.6
Dodging        | |  1.5
Stealth        | |  0.3

Action                   |  1- 3 |  4- 6 |  7- 9 | 10-12 || total
-------------------------+-------+-------+-------+-------++-------
Melee: Short sword       |    82 |       |       |       ||    82
       Unarmed           |    64 |   158 |   291 |    64 ||   577
       Punch             |       |       |     7 |     4 ||    11
Throw: Boomerang         |     2 |     1 |       |       ||     3
       Dart              |       |     4 |     4 |     8 ||    16
Evoke: Wand              |       |       |     1 |       ||     1
  Use: Scroll            |     1 |     7 |     2 |     2 ||    12
       Potion            |       |       |     1 |       ||     1
 Stab: Sleeping          |     1 |     2 |     2 |       ||     5
Armor: Robe              |    60 |    53 |    20 |       ||   133
       Swamp dragon scal |       |       |    49 |    19 ||    68
Dodge: Dodged            |    67 |    71 |    89 |    20 ||   247
Block: Other             |       |       |    78 |    15 ||    93

Table legend: (Time is in decaauts)
 A = Elapsed time spent in this place.
 B = Non-inter-level travel time spent in this place.
 C = Inter-level travel time spent in this place.
 D = Time resting spent in this place.
 E = Time spent auto-exploring this place.
 F = Levels seen in this place.
 G = Mean time per level.
                   A        B        C        D        E       F      G
               +--------+--------+--------+--------+--------+-----+--------+
         Total |   9020 |   8594 |    426 |     69 |   6467 |  12 |  751.7 |
       Dungeon |   7782 |   7413 |    369 |     69 |   5727 |   9 |  864.7 |
        Temple |    641 |    584 |     57 |      0 |    425 |   1 |  641.0 |
         Sewer |    405 |    405 |      0 |      0 |    209 |   1 |  405.0 |
       Ossuary |    190 |    190 |      0 |      0 |    105 |   1 |  190.0 |
               +--------+--------+--------+--------+--------+-----+--------+

Top non-repeatable levels by time:
     D:6: 1212 daAuts
     D:5: 1061 daAuts
     D:8: 1031 daAuts
     D:7: 983 daAuts
     D:3: 922 daAuts
     D:1: 920 daAuts
     D:4: 843 daAuts
     D:2: 769 daAuts
  Temple: 641 daAuts
   Sewer: 405 daAuts
 Ossuary: 190 daAuts
     D:9: 39 daAuts
